 Dungeon Crawl Stone Soup version 0.18.1-8-gdd0e5ea (webtiles) character file.

90 georgeearnest the Magician (level 4, -6/24 HPs)
             Began as a Deep Elf Wizard on June 7, 2016.
             Killed from afar by Natasha (8 damage)
             ... with a magic dart
             ... on level 2 of the Dungeon.
             The game lasted 00:04:11 (2142 turns).

georgeearnest the Magician (Deep Elf Wizard)        Turns: 2142, Time: 00:04:12

Health: -6/24      AC:  2    Str:  4    XL:     4   Next: 32%
Magic:  7/13       EV: 13    Int: 24    God:
Gold:   130        SH:  0    Dex: 13    Spells: 2 memorised, 10 levels left

rFire  . . .     SeeInvis .     (no weapon)
rCold  . . .     Gourm    .     a - +0 robe
rNeg   . . .     Faith    .     (no shield)
rPois  .         Spirit   .     b - +0 hat
rElec  .         Dismiss  .     (no cloak)
rCorr  .         Reflect  .     (no gloves)
SustAt .         Harm     .     (no boots)
MR     .....                    (no amulet)
Stlth  ++........               (no ring)
                                (no ring)

@: very slightly contaminated, slowed, very slow, not resistant to hostile
enchantments, unstealthy
A: no striking features
a: no special abilities


You were on level 2 of the Dungeon.
You were not hungry.

You visited 1 branch of the dungeon, and saw 2 of its levels.

You collected 130 gold pieces.

Inventory:

Armour
 a - a +0 robe (worn)
 b - a +0 hat (worn)
Scrolls
 g - a scroll of noise {unknown}
 i - a scroll of amnesia {unknown}
 k - a scroll of identify {unknown}
 l - 2 scrolls of remove curse {unknown}
Potions
 d - a potion of resistance {unknown}
 e - a potion of heal wounds {unknown}
 h - a potion of flight {unknown}
 j - a potion of ambrosia {unknown}
 m - a potion of invisibility {unknown}
Books
 c - a book of Minor Magic

   Spells                             Type                      Level
   a - Magic Dart                     Conjuration                  1
   b - Blink                          Translocation                2
   c - Call Imp                       Summoning                    2
   d - Repel Missiles                 Charms/Air                   2
   e - Slow                           Hexes                        2
   f - Conjure Flame                  Conjuration/Fire             3
   g - Mephitic Cloud                 Conjuration/Poison/Air       3
Comestibles
 f - 4 meat rations
 n - a beef jerky


   Skills:
 + Level 0.2 Fighting
 + Level 3.4 Dodging
 + Level 2.7 Stealth
 + Level 0.1 Unarmed Combat
 + Level 5.7 Spellcasting
 + Level 2.1 Conjurations
   Level 1.1 Summonings
   Level 1.1 Translocations


You had 10 spell levels left.
You knew the following spells:

 Your Spells              Type           Power        Failure   Level  Hunger
a - Magic Dart            Conj           ###.         3%          1    None
b - Conjure Flame         Conj/Fire      ##......     17%         3    #......


Dungeon Overview and Level Annotations

Branches:
Dungeon (2/15)

Altars:
Dithmenos
Gozag

Annotations:
D:2 Natasha


Message History

You miss the crimson imp. The crimson imp hits you.
Casting: Conjure Flame
Confirm with . or Enter, or press ? or * to list all spells.
Aiming: Magic Dart
Press: ? - help, Shift-Dir - straight line, f - crimson imp
Aim: a crimson imp (summoned)
The magic dart hits the crimson imp.
The crimson imp is lightly wounded.
Natasha mumbles some strange words.
The crimson imp blinks!
The crimson imp blinks!
The crimson imp blinks!
Natasha casts a spell at you.
You feel yourself slow down.
The crimson imp blinks!
Natasha casts a spell at you. The magic dart hits you!
* * * LOW HITPOINT WARNING * * *
Natasha casts a spell at you. The magic dart hits you!
You die...

.......#
#.'.............#.#.###
.......#
###...........###.#....
.......# #...........#
#.#.... .......####
####'##)..#####.#....
..........#
#.##.#.#..........
..........#
#.#..#...#.#.##...
..........#
#.#..#...#....'...
#####.....#
#.#......##..##... ..#
#.....#
#@######.##..##... ..#
#.....#
#.....§h5.#..#.... ..#
#.....#
########...#.#.... ###
#.....# #####......(..
####### #......#......
#############
#.###.........
............#
#..........
............#
........K....
............#
..........#....


You could see Natasha and a crimson imp.

Vanquished Creatures
  Natasha (D:2)
  2 adders (D:2)
  2 giant geckos (D:1)
  A giant cockroach (D:1)
  7 goblins
  3 hobgoblins (D:2)
  4 jackals (D:1)
  12 kobolds
  2 bats
  5 giant newts
  5 rats
44 creatures vanquished.

Notes
Turn   | Place    | Note
--------------------------------------------------------------
     0 | D:1      | georgeearnest the Deep Elf Wizard began the quest for the Orb.
     0 | D:1      | Reached XP level 1. HP: 10/10 MP: 7/7
   313 | D:1      | Reached XP level 2. HP: 6/15 MP: 4/9
   523 | D:1      | Reached skill level 5 in Spellcasting
   824 | D:1      | Reached XP level 3. HP: 12/19 MP: 1/11
  1155 | D:2      | Learned a level 3 spell: Conjure Flame
  1166 | D:2      | Found a shadowy altar of Dithmenos.
  1173 | D:2      | Noticed Natasha
  1620 | D:2      | Killed Natasha
  1620 | D:2      | Reached XP level 4. HP: 14/24 MP: 5/13
  1767 | D:2      | Found an opulent altar of Gozag.
  2118 | D:2      | Noticed Natasha
  2142 | D:2      | Killed from afar by Natasha

Skill      XL: |  1  2  3 |
---------------+----------+-----
Dodging        | 3 |  3.4
Spellcasting   | 5 |  5.7
Conjurations   | 2 |  2.1
Fighting       | |  0.2
Stealth        | |  2.7
Unarmed Combat | |  0.1
Summonings     | |  1.1
Translocations | |  1.1

Action                   |  1- 3 |  4- 6 || total
-------------------------+-------+-------++-------
Melee: Unarmed           |    27 |     1 ||    28
 Cast: Magic Dart        |    83 |    19 ||   102
       Conjure Flame     |       |     1 ||     1
  Eat: Bread ration      |     1 |       ||     1
Armor: Robe              |    11 |       ||    11
Dodge: Dodged            |    36 |     3 ||    39
